 Dungeon Crawl Stone Soup version 0.15.2 (webtiles) character file.

5049 Aargh the Ruffian (level 10, -25/88 HPs)
             Began as a Troll Chaos Knight on Mar 7, 2015.
             Was a Plaything of Xom.
             Killed from afar by a molten gargoyle (29 damage)
             ... with a bolt of magma
             ... on Level 1 of the Lair of Beasts.
             The game lasted 01:50:49 (9852 turns).

Aargh the Ruffian (Troll Chaos Knight)              Turns: 9852, Time: 01:51:19

HP -25/88        AC  8     Str 22      XL: 10   Next: 30%
MP  20/20        EV  9     Int  9      God: Xom
Gold 437         SH 10     Dex 12      Spells:  0 memorised, 10 levels left

rFire  . . .     SeeInvis .     G - +0 war axe
rCold  . . .     Clarity  .     Z - +0 robe {MR+}
rNeg   + . .     rCorr    .     c - +2 shield of Woexum {rElec rN+}
rPois  .         rRot     .     (helmet restricted)
rElec  +         Spirit   .     g - +2 cloak
SustAb .         Warding  .     (gloves unavailable)
rMut   .         Stasis   .     (boots unavailable)
Gourm  +                        (no amulet)
MR     +....                    z - ring of magical power {MP+9}
                                u - +1 ring of intelligence

@: somewhat resistant to hostile enchantments, unstealthy
A: unfitting armour, claws 3, fast metabolism 3, frail 1, gourmand, regeneration
2, saprovore 2, screaming 1, shaggy fur 1, tough skin 2, wild magic 1
a: Renounce Religion


You were on level 1 of the Lair of Beasts.
You worshipped Xom.
You were a special plaything of Xom.
You were completely stuffed.

You visited 3 branches of the dungeon, and saw 12 of its levels.

You collected 437 gold pieces.


Innate Abilities, Weirdness & Mutations

You are too large for most types of armour.
You have claws for hands.
Your metabolism is lightning-fast.
You like to eat raw meat.
You heal very quickly.
You can eat rotten meat.
You are covered in fur (AC +1).
You have very tough skin (AC +2).
You are frail (-10% HP).
You occasionally shout uncontrollably at your foes.
Your spells are a little harder to cast, but a little more powerful.


   Skills:
 + Level 6.1 Fighting
 + Level 6.1 Throwing
 + Level 6.0 Dodging
 - Level 2.3 Stealth
 + Level 1.0 Shields
 + Level 7.6 Unarmed Combat
 + Level 0.6 Spellcasting
 + Level 4.2 Evocations


You had 10 spell levels left.
You didn't know any spells.

Dungeon Overview and Level Annotations

Branches:
Dungeon (10/15)            Temple (1/1) D:7            Lair (1/8) D:9
    Orc: D:9-12

Altars:
Ashenzari
Cheibriados
Dithmenos
Elyvilon
Fedhas
Kikubaaqudgha
Makhleb
Nemelex Xobeh
Okawaru
Qazlal
Sif Muna
Trog
Vehumet
Xom
Yredelemnul
Zin
The Shining One

Shops:
D:5 :

Annotations:
D:4 exclusion: 2 downstairs
D:5 Blork the orc
D:6 Prince Ribbit
Lair:1 exclusion: hydra

Inventory:

Hand weapons
 b - a +0 blowgun
   (You took it off a kobold on level 6 of the Dungeon)
 e - a +2 shortbow of evasion
   (You took it off a centaur on level 6 of the Dungeon)
 G - a +0 war axe (weapon)
   (You found it on level 5 of the Dungeon)
 H - a +0 dagger of chaos {!w}
   (You took it off Psyche on level 8 of the Dungeon)
 K - a -2 executioner's axe
   (You found it on level 4 of the Dungeon)
 L - a -2 morningstar of draining
   (You found it on level 4 of the Dungeon)
 M - a +1 long sword of flaming
   (You found it on level 4 of the Dungeon)
 Q - a +3 spear of venom
   (You found it on level 3 of the Dungeon)
 Y - a +5 scythe of protection
   (You took it off Sigmund on level 6 of the Dungeon)
Missiles
 w - 6 tomahawks (quivered)
 y - a throwing net {!f, !d}
 W - 78 poisoned needles
Armour
 a - a +2 robe
 c - the +2 shield of Woexum (worn) {rElec rN+}
   (You found it on level 9 of the Dungeon)

   It insulates you from electricity.
   It protects you from negative energy.
 g - a +2 cloak (worn)
   (You found it on level 1 of the Dungeon)
 Z - a +0 robe of magic resistance (worn)
   (You took it off Sigmund on level 6 of the Dungeon)
Magical devices
 d - a wand of magic darts (5)
   (You took it off a goblin on level 6 of the Dungeon)
 i - a wand of frost (0)
   (You took it off Natasha on level 3 of the Dungeon)
 I - a wand of lightning (5)
   (You found it on level 9 of the Dungeon)
 R - a wand of cold (7)
   (You found it on level 8 of the Dungeon)
 T - a wand of enslavement (8) {unknown}
   (You found it on level 8 of the Dungeon)
 X - a wand of random effects (3) {unknown}
   (You took it off Sigmund on level 6 of the Dungeon)
Comestibles
 h - a royal jelly {restore abilities}
 r - 4 beef jerkies
 x - 8 slices of pizza
 B - 9 bread rations
 F - 5 meat rations
 O - 4 chunks of crocodile flesh
 S - a rotting chunk of orc flesh
Scrolls
 m - a scroll of enchant armour
 A - a scroll of blinking {!r}
 J - 2 scrolls of magic mapping {!r}
 N - 2 scrolls of enchant weapon
 P - a scroll of identify
 U - a scroll of remove curse
Jewellery
 q - an uncursed ring of teleportation {+/*tele, !d}
   (You found it on level 1 of the Dungeon)
 u - a +1 ring of intelligence (left claw)
   (You found it on level 9 of the Dungeon)
 z - a ring of magical power (right claw) {MP+9}
   (You took it off an orc on level 3 of the Dungeon)
Potions
 k - 3 potions of restore abilities
 l - 3 potions of brilliance
 o - 3 potions of agility
 p - 2 potions of curing
 s - a potion of cancellation
 t - 2 potions of porridge
 D - a potion of heal wounds
 E - a potion of lignification {!q}
Books
 j - a book of Alchemy
   (You found it on level 7 of the Dungeon)
 n - a book of Death
   (You found it on level 7 of the Dungeon)
 v - a book of Fire
   (You found it on level 5 of the Dungeon)
 V - a book of Envenomations
   (You found it on level 7 of the Dungeon)
Magical staves
 C - an uncursed staff of earth
   (You found it on level 3 of the Dungeon)

#....#### #.....#
##.##...######...#.#
#...................#
♣♣...................###
♣≈≈≈≈≈≈PP...............§
≈≈P≈≈≈≈≈..............##.
≈≈≈P≈≈≈≈b..####......##.#
≈≈≈≈PP≈≈PP...#............
≈≈≈≈≈≈≈P≈@9.##.9...?......
≈≈≈≈≈P≈≈..................
≈≈≈≈≈≈≈≈≈..#.............
≈≈≈≈≈≈≈≈...##............
≈≈≈P≈≈≈≈....#............
≈≈P≈≈≈≈≈................
P≈≈≈≈P≈...............
##........###..#P.
........ ...


You could see a molten gargoyle and a fire bat.

Action                   |  1- 3 |  4- 6 |  7- 9 | 10-12 || total
-------------------------+-------+-------+-------+-------++-------
Melee: Unarmed           |    99 |   105 |   180 |    10 ||   394
       Spear             |       |    73 |   345 |       ||   418
       Executioner's axe |       |       |    23 |       ||    23
       Giant club        |       |       |     4 |       ||     4
       Long sword        |       |       |   150 |    60 ||   210
       Dagger            |       |       |    12 |    11 ||    23
       Short sword       |       |       |    10 |       ||    10
       Scythe            |       |       |       |    45 ||    45
       War axe           |       |       |       |     9 ||     9
Throw: Stone             |       |       |    10 |     6 ||    16
Evoke: Wand              |       |       |     4 |     1 ||     5
  Use: Scroll            |     1 |     5 |     3 |     3 ||    12
       Potion            |       |       |    10 |     1 ||    11
 Stab: Distracted        |       |       |     1 |       ||     1
       Invisible         |       |       |     4 |       ||     4
       Paralysed         |       |       |     3 |     3 ||     6
       Confused          |       |       |     3 |       ||     3
       Sleeping          |       |       |     3 |       ||     3
  Eat: Chunk             |    17 |    18 |    53 |    12 ||   100

Vault maps used:
D:1:      minmay_arrival_five_plusses
D:2:      elyvilon_altar_4, gammafunk_temple_overflow_statue,
          kennysheep_nondescript, corexii_shack, minivault_27, uniq_terence
D:3:      nicolae_overflow_hidden_temple, uniq_natasha
D:4:      old_forge, minmay_stone_trees_small
D:5:      first_bread, serial_shops, nicolae_shop_waterfront, uniq_eustachio,
          uniq_blork_the_orc
D:6:      yredelemnul_altar_generic, uniq_sigmund, uniq_prince_ribbit1
D:7:      minmay_temple_entry_glassed_door, grunt_livestock
D:8:      basic_altar, rats_and_rats_again, uniq_psyche
D:9:      overflow_temple_1_default, lair_0_dummy
D:10:     orc_0_dummy, serial_shops, shop
Temple:   circular_temple_12
Lair:1:   serial_bayou_shore_a

Notes
Turn   | Place    | Note
--------------------------------------------------------------
     0 | D:1      | Aargh, the Troll Chaos Knight, began the quest for the Orb.
     0 | D:1      | Reached XP level 1. HP: 22/22 MP: 1/1
   135 | D:1      | Reached skill level 2 in Dodging
   234 | D:1      | Reached XP level 2. HP: 29/29 MP: 1/1
   488 | D:2      | Noticed Terence
   500 | D:2      | Killed Terence
   500 | D:2      | Reached skill level 1 in Throwing
   500 | D:2      | Reached XP level 3. HP: 32/36 MP: 2/2
   586 | D:2      | Found a basalt altar of Yredelemnul.
   587 | D:2      | Found a blossoming altar of Fedhas.
   634 | D:2      | XOM: silly message
   677 | D:2      | XOM: harmless Chrm miscast
  1138 | D:1      | XOM: harmless Hex miscast
  1248 | D:2      | Reached XP level 4. HP: 44/44 MP: 2/2
  1548 | D:2      | Found a white marble altar of Elyvilon.
  1700 | D:2      | Reached skill level 1 in Stealth
  1860 | D:3      | XOM: enchant monster (good)
  2014 | D:3      | XOM: silly message
  2026 | D:3      | Noticed Natasha
  2049 | D:3      | Killed Natasha
  2049 | D:3      | Reached XP level 5. HP: 40/52 MP: 2/2
  2111 | D:3      | Found a shimmering altar of Xom.
  2161 | D:3      | Reached skill level 3 in Fighting
  2210 | D:3      | XOM: medium Chrm miscast
  2349 | D:3      | XOM: harmless Ice miscast
  2390 | D:3      | XOM: harmless Pois miscast
  2416 | D:3      | Reached skill level 2 in Throwing
  2496 | D:3      | Noticed Natasha
  2500 | D:3      | Killed Natasha
  2620 | D:4      | XOM: 3-stop teleportation journey
  2655 | D:5      | Entered Level 5 of the Dungeon
  2655 | D:5      | Noticed a centaur
  2655 | D:5      | Noticed an ogre
  2662 | D:5      | Found Hesir's Book Shoppe.
  2732 | D:5      | Noticed Blork the orc
  2815 | D:4      | XOM: noise
  2907 | D:4      | XOM is BORED!
  2907 | D:4      | XOM: mild Hex miscast
  2956 | D:4      | Reached skill level 4 in Unarmed Combat
  3006 | D:4      | XOM: enchant monster (good)
  3010 | D:4      | Reached XP level 6. HP: 61/61 MP: 3/3
  3015 | D:4      | Reached skill level 3 in Dodging
  3036 | D:4      | Reached skill level 2 in Stealth
  3119 | D:4      | Reached XP level 7. HP: 67/67 MP: 3/3
  3129 | D:4      | XOM: blink monster(s)
  3275 | D:4      | Reached skill level 3 in Throwing
  3380 | D:4      | Gained mutation: You are robust (+10% HP). [potion of beneficial mutation]
  3392 | D:4      | HP: 18/74 [giant newt (3)]
  3394 | D:4      | HP: 7/74 [orc priest/hand axe (5)]
  3401 | D:4      | HP: 13/74 [giant newt (1)]
  3406 | D:4      | HP: 16/74 [giant newt (3)]
  3799 | D:3      | Noticed Natasha
  3803 | D:3      | Killed Natasha
  4131 | D:5      | Noticed Eustachio
  4136 | D:5      | XOM: noise
  4140 | D:5      | Killed Eustachio
  4140 | D:5      | Reached skill level 4 in Fighting
  4143 | D:5      | Noticed a centaur
  4153 | D:5      | Killed a centaur
  4153 | D:5      | Reached skill level 4 in Dodging
  4153 | D:5      | Reached XP level 8. HP: 64/85 MP: 3/4
  4290 | D:5      | XOM: swap weapons
  4297 | D:5      | Killed an ogre
  4297 | D:5      | Reached skill level 5 in Unarmed Combat
  4297 | D:5      | Reached skill level 1 in Evocations
  4436 | D:5      | XOM: summons friendly quasit
  4492 | D:5      | Killed a centaur
  4492 | D:5      | Reached skill level 4 in Throwing
  4516 | D:6      | Noticed Sigmund
  4530 | D:7      | XOM: polymorph centaur -> sky beast
  4747 | D:8      | XOM: repel stairs
  4786 | D:8      | XOM: divination: detect items
  4822 | D:8      | XOM: summons 8 friendly demons
  4833 | D:8      | Reached skill level 2 in Evocations
  4981 | D:7      | Reached skill level 5 in Fighting
  5027 | D:7      | XOM: confuse monster(s)
  5028 | D:7      | Reached XP level 9. HP: 91/96 MP: 7/7
  5235 | D:6      | XOM: medium Erth miscast
  5346 | D:6      | Killed Sigmund
  5346 | D:6      | Reached skill level 5 in Dodging
  5346 | D:6      | Reached skill level 6 in Unarmed Combat
  5419 | D:6      | XOM: vitrification
  5490 | D:6      | XOM: vitrification
  5666 | D:6      | Noticed Prince Ribbit
  5677 | D:6      | XOM: potion effect (invisibility)
  5700 | D:6      | Found a basalt altar of Yredelemnul.
  5781 | D:6      | XOM: enchant monster (good)
  6038 | D:6      | XOM: mild Divn miscast
  6085 | D:7      | Found a staircase to the Ecumenical Temple.
  6096 | Temple   | Entered the Ecumenical Temple
  6231 | D:7      | XOM: vitrification
  6439 | D:8      | Noticed a two-headed ogre
  6462 | D:8      | Reached skill level 5 in Throwing
  6462 | D:8      | Reached skill level 3 in Evocations
  6624 | D:9      | XOM: confuse monster(s)
  6663 | D:8      | Found a stormy altar of Qazlal.
  6861 | D:8      | XOM: harmless Hex miscast
  6863 | D:8      | XOM: noise
  6868 | D:8      | XOM: draining
  6874 | D:8      | XOM: confusion
  7189 | D:8      | XOM: enchant monster (bad)
  7757 | D:7      | XOM: summons 4 hostile demons
  7765 | D:7      | XOM: polymorph crimson imp -> shadow imp
  7878 | D:7      | XOM: harmless Erth miscast
  7884 | D:7      | XOM: silly message
  7928 | D:7      | Reached skill level 7 in Unarmed Combat
  7995 | D:7      | Gained mutation: Your system is resistant to poisons. [potion of beneficial mutation]
  8093 | D:7      | XOM: mild Tloc miscast
  8105 | D:7      | Reached skill level 4 in Evocations
  8292 | D:7      | XOM: harmless Pois miscast
  8586 | D:8      | XOM: colour smoke trail
  8591 | D:8      | Noticed Psyche
  8592 | D:8      | XOM: swap weapons
  8596 | D:8      | Noticed Psyche
  8596 | D:8      | Psyche changed into Psyche the boggart
  8600 | D:8      | XOM: confusion
  8612 | D:8      | Killed Psyche the boggart
  8612 | D:8      | Reached XP level 10. HP: 107/107 MP: 10/10
  8901 | D:10     | Entered Level 10 of the Dungeon
  9107 | D:9      | Reached skill level 6 in Fighting
  9160 | D:9      | Got a fine shield
  9206 | D:9      | Identified the +2 shield of Woexum {rElec rN+} (You found it on level 9 of the Dungeon)
  9236 | D:9      | XOM: give mutations
  9236 | D:9      | Gained mutation: Your spells are a little harder to cast, but a little more powerful. [Xom's mischief]
  9236 | D:9      | Lost mutation: You are robust (+10% HP). [Xom's mischief]
  9265 | D:9      | Found a shattered altar of Ashenzari.
  9283 | D:9      | XOM: draining
  9289 | D:9      | Reached skill level 6 in Throwing
  9308 | D:9      | Gained mutation: Your mind is acute. (Int +2) [potion of mutation]
  9308 | D:9      | Lost mutation: Your system is resistant to poisons. [potion of mutation]
  9308 | D:9      | Gained mutation: You are agile. (Dex +2) [potion of mutation]
  9379 | D:9      | XOM: torment (49/98 hp)
  9431 | D:9      | XOM: enchant monster (good)
  9556 | D:9      | HP: 24/98 [wyvern skeleton (5)]
  9675 | D:9      | Found a staircase to the Lair.
  9698 | Lair:1   | Entered Level 1 of the Lair of Beasts
  9702 | Lair:1   | Noticed a six-headed hydra
  9711 | Lair:1   | Reached skill level 6 in Dodging
  9745 | Lair:1   | XOM: confusion
  9792 | Lair:1   | XOM: give mutations
  9792 | Lair:1   | Lost mutation: You are agile. (Dex +2) [Xom's mischief]
  9792 | Lair:1   | Gained mutation: You occasionally shout uncontrollably at your foes. [Xom's mischief]
  9792 | Lair:1   | Lost mutation: Your mind is acute. (Int +2) [Xom's mischief]
  9792 | Lair:1   | Gained mutation: You are frail (-10% HP). [Xom's mischief]
  9802 | Lair:1   | XOM: 2-stop teleportation journey
  9840 | Lair:1   | Reached skill level 1 in Shields
  9851 | Lair:1   | HP: 21/88 [fire bat (6)]
  9852 | Lair:1   | HP: 9/88 [fire bat (6)]
  9852 | Lair:1   | HP: 4/88 [fire bat (5)]
  9852 | Lair:1   | Killed from afar by a molten gargoyle

Vanquished Creatures
  A human (D:7)
  2 hogs (D:7)
  2 fire bats (Lair:1)
  Eustachio (D:5)
  A hippogriff (D:8)
  A water moccasin (D:9)
  2 orc warriors (D:8 D:9)
  A boggart (D:8)
  A phantom (D:9)
  3 sky beasts (D:7 D:8)
  3 ogres (D:5 D:7 D:9)
  3 centaurs (D:5 D:6)
  A crocodile (Lair:1)
  Sigmund (D:6)
  2 big kobolds (D:7)
  5 giant frogs (D:7 D:8 Lair:1)
  7 scorpions (D:4 D:5)
  A wyvern skeleton (D:9)
  4 jellies (D:8)
  7 crimson imps (D:6 D:8 D:7 D:9)
  A centaur zombie (D:7)
  A giant frog zombie (D:8)
  3 goliath beetles (D:7)
  An electric eel (Lair:1)
  A giant frog skeleton (D:5)
  3 orc priests (D:3 D:4 D:8)
  8 hounds (D:4 D:5 D:8 D:7 D:9)
  2 iguanas (D:7 D:9)
  An iron imp (D:8)
  6 orc wizards (D:3 D:4 D:8)
  A centaur skeleton (D:4)
  8 worker ants (D:4 D:6 D:8 D:7 D:9)
  Natasha (thrice) (D:3)
  2 sheep (D:7)
  An ogre zombie (D:9)
  Terence (D:2)
  A worker ant zombie (D:6)
  A steam dragon zombie (D:9)
  10 adders (D:2 D:3 D:4 D:5 D:8)
  23 green rats (D:8)
  An orc zombie (D:7)
  3 shadow imps (D:8 D:7 D:9)
  4 giant mites (D:3 D:4 D:5)
  2 worms (D:2 D:4)
  2 white imps (D:7 D:8)
  2 ufetubi (D:7 D:8)
  An iguana zombie (D:9)
  27 orcs (D:3 D:4 D:5 D:8 D:9)
  20 bats (D:1 D:2 D:3 D:4 D:5)
  7 giant cockroaches (D:1 D:4 D:3 D:5 D:7)
  9 goblins (D:1 D:2 D:5 D:7 D:6)
  8 hobgoblins (D:1 D:2 D:3 D:5 D:4)
  9 jackals (D:2)
  18 kobolds (D:1 D:2 D:3 D:4 D:5)
  5 quokkas (D:2 D:3 D:4 D:9 Lair:1)
  2 ball pythons (D:3)
  7 giant geckos (D:2 D:1 D:4 D:5 D:7)
  9 giant newts (D:1 D:2 D:5 D:4 D:7)
  A kobold skeleton (D:5)
  A kobold zombie (D:7)
  A quokka skeleton (D:6)
  A quokka zombie (D:8)
  30 rats (D:1 D:2 D:4 D:8)
  4 fungi (D:4)
301 creatures vanquished.

Vault maps used:
D:1:      minmay_arrival_five_plusses
D:2:      elyvilon_altar_4, gammafunk_temple_overflow_statue,
          kennysheep_nondescript, corexii_shack, minivault_27, uniq_terence
D:3:      nicolae_overflow_hidden_temple, uniq_natasha
D:4:      old_forge, minmay_stone_trees_small
D:5:      first_bread, serial_shops, nicolae_shop_waterfront, uniq_eustachio,
          uniq_blork_the_orc
D:6:      yredelemnul_altar_generic, uniq_sigmund, uniq_prince_ribbit1
D:7:      minmay_temple_entry_glassed_door, grunt_livestock
D:8:      basic_altar, rats_and_rats_again, uniq_psyche
D:9:      overflow_temple_1_default, lair_0_dummy
D:10:     orc_0_dummy, serial_shops, shop
Temple:   circular_temple_12
Lair:1:   serial_bayou_shore_a

Table legend:
 A = Turns spent in this place as a percentage of turns spent in the entire game.
 B = Non-inter-level travel turns spent in this place as a percentage of non-inter-level travel turns spent in the entire game.
 C = Inter-level travel turns spent in this place as a percentage of turns spent in this place.
 D = Turns resting spent in this place as a percentage of non-inter-level travel turns spent in this place.
 E = Turns spent auto-exploring this place as a percentage of non-inter-level travel turns spent in this place.
 F = Non-inter-level travel turns spent in this place divided by the number of levels of this place that you've seen.
                   A       B       C       D       E      F
               +-------+-------+-------+-------+-------+----------------------
         Total | 100.0 | 100.0 |   0.0 |   0.6 |   3.5 | 402.1
       Dungeon |  96.4 |  96.4 |   0.0 |   0.6 |   3.4 | 465.1
        Temple |   0.7 |   0.7 |   0.0 |   0.0 |  32.4 |  34.0
          Lair |   2.9 |   2.9 |   0.0 |   1.4 |   0.0 | 140.0
               +-------+-------+-------+-------+-------+----------------------

Table legend:
 A = Kills in this place as a percentage of kills in entire the game.
 B = Kills by you in this place as a percentage of kills by you in the entire game.
 C = Kills by friends in this place as a percentage of kills by friends in the entire game.
 D = Other kills in this place as a percentage of other kills in the entire game.
 E = Experience gained in this place as a percentage of experience gained in the entire game.
 F = Experience gained in this place divided by the number of levels of this place that you have seen.
                   A       B       C       D       E      F
               +-------+-------+-------+-------+-------+----------------------
         Total | 100.0 | 100.0 | 100.0 | 100.0 | 100.0 | 601.1
       Dungeon |  97.9 |  98.2 | 100.0 |  50.0 |  91.9 | 662.8
          Lair |   2.1 |   1.8 |   0.0 |  50.0 |   8.1 | 585.0
               +-------+-------+-------+-------+-------+----------------------
